 Dungeon Crawl Stone Soup version 0.23-a0-584-g44dd78f (webtiles) character file.

2059 nikopol the Cleaver (level 9, -4/79 HPs)
             Began as a Minotaur Berserker on Dec 17, 2018.
             Was a Priest of Trog.
             Slain by a killer bee (8 damage)
             ... on level 7 of the Dungeon.
             The game lasted 00:09:05 (5981 turns).

nikopol the Cleaver (Minotaur Berserker)            Turns: 5981, Time: 00:09:05

Health: -4/79      AC:  7    Str: 21    XL:     9   Next: 5%
Magic:  8/8        EV: 14    Int:  4    God:    Trog [***...]
Gold:   371        SH:  0    Dex: 14    Spells: 8/8 levels left

rFire    . . .     SeeInvis .   a - +0 war axe
rCold    . . .     Gourm    .   (no shield)
rNeg     . . .     Faith    .   g - +0 ring mail
rPois    .         Spirit   .   (helmet restricted)
rElec    .         Reflect  .   w - +0 cloak
rCorr    .         Harm     .   (no gloves)
MR       .....                  (no boots)
Stlth    +.........             (no amulet)
HPRegen  0.23/turn              (no ring)
MPRegen  0.11/turn              (no ring)

@: berserk cooldown, slowed, very slow
A: retaliatory headbutt, horns 2
a: Berserk, Trog's Hand, Renounce Religion


You were on level 7 of the Dungeon.
You worshipped Trog.
Trog was most pleased with you.
You were near starving.

You visited 1 branch of the dungeon, and saw 7 of its levels.

You collected 371 gold pieces.

Inventory:

Hand Weapons
 a - a +0 war axe (weapon)
 p - a +2 flail of holy wrath
 y - a +0 hand axe
Missiles
 o - 71 arrows
Armour
 b - a +0 animal skin
 g - a +0 ring mail (worn)
 w - a +0 cloak (worn)
Jewellery
 x - an uncursed ring of fire {unknown}
 A - a cursed ring of attention {unknown}
Wands
 n - a wand of enslavement (8)
Scrolls
 d - 2 scrolls of fog {unknown}
 e - 2 scrolls of enchant weapon {unknown}
 f - 9 scrolls of identify {unknown}
 i - 2 scrolls of remove curse {unknown}
 s - 2 scrolls of fear {unknown}
 t - a scroll of amnesia {unknown}
 u - 2 scrolls of random uselessness {unknown}
Potions
 h - 2 potions of invisibility {unknown}
 j - 4 potions of lignification {unknown}
 k - 2 potions of heal wounds {unknown}
 l - 3 potions of haste {unknown}
 m - 3 potions of curing {unknown}
 q - a potion of might {unknown}
 r - 4 potions of agility {unknown}
 v - 2 potions of mutation {unknown}
 z - a potion of flight {unknown}
Comestibles
 c - 13 rations


   Skills:
 + Level 7.4 Fighting
 + Level 9.9 Axes
 + Level 6.8 Armour
 + Level 5.1 Dodging
 + Level 1.6 Stealth


You had 8 spell levels left.
You didn't know any spells.
Your spell library was empty.

Dungeon Overview and Level Annotations

Branches:
Dungeon (7/15)             Temple (0/1) D:6

Altars:
Ashenzari
Cheibriados
Dithmenos
Fedhas
Gozag
Makhleb
Uskayaw
Zin


Innate Abilities, Weirdness & Mutations

You reflexively headbutt those who attack you in melee.
You have a pair of horns on your head.


Message History

The killer bee is lightly wounded.
The killer bee stings you.
* * * LOW HITPOINT WARNING * * *
You miss the killer bee.
The killer bee is lightly wounded.
The killer bee misses you. The killer bee closely misses you.
You miss the killer bee.
The killer bee is lightly wounded.
The killer bee closely misses you.
You barely miss the killer bee.
The killer bee is lightly wounded.
You are no longer berserk.
You are exhausted.
You feel yourself slow down. The killer bee completely misses you.
You barely miss the killer bee.
The killer bee is lightly wounded.
The killer bee misses you. You furiously retaliate!
You headbutt the killer bee, but do no damage.
The killer bee barely misses you. The killer bee stings you!
You die...

# #....#
.################## #....#
..................####....#
...##############........<#
#..## ######....#
#...############## #....#
................"# #....#
###...###### #.# #....#
#.#...## #@# ######
#...#..#######y#
...##.........##.######
##....#.#####.........#
####....## ####.####.####
###...######.........#
#.#..............#.#
#.#######........# #.#
#.........###.#


You could see a killer bee.

Vanquished Creatures
  Joseph (D:7)
  Grinder (D:3)
  Sigmund (D:3)
  Eustachio (D:6)
  A phantom (D:4)
  An ogre (D:6)
  A sky beast (D:5)
  A bullfrog (D:6)
  A scorpion (D:3)
  3 killer bees
  A howler monkey (D:6)
  2 crimson imps
  2 bullfrog skeletons
  A gnoll shaman (D:4)
  An orc wizard (D:4)
  Crazy Yiuf (D:6)
  Jessica (D:3)
  An iguana (D:7)
  6 worker ants
  A hound skeleton (D:5)
  2 worker ant zombies
  6 gnolls
  7 adders
  2 shadow imps (D:7)
  2 dart slugs
  5 leopard geckos
  8 orcs (D:4)
  8 bats
  5 giant cockroaches
  7 hobgoblins
  6 jackals
  A quokka (D:5)
  A ball python (D:2)
  4 frilled lizards
  A goblin (D:3)
  3 kobolds
  A leopard gecko zombie (D:6)
  A quokka zombie (D:6)
  3 rats
102 creatures vanquished.

Notes
Turn   | Place    | Note
-------+----------+-------------------------------------------
     0 | D:1      | nikopol the Minotaur Berserker began the quest for the Orb.
     0 | D:1      | Reached XP level 1. HP: 19/19 MP: 0/0
   253 | D:1      | Reached XP level 2. HP: 27/27 MP: 1/1
   419 | D:1      | Reached skill level 4 in Axes
   801 | D:2      | Found a snail-covered altar of Cheibriados.
   806 | D:2      | Reached XP level 3. HP: 34/34 MP: 2/2
  1632 | D:3      | Noticed Jessica
  1635 | D:3      | Killed Jessica
  1635 | D:3      | Reached XP level 4. HP: 41/41 MP: 3/3
  1691 | D:3      | Reached ** piety under Trog
  1771 | D:3      | Noticed Sigmund
  1902 | D:3      | Killed Sigmund
  1902 | D:3      | Reached skill level 5 in Fighting
  1902 | D:3      | Reached skill level 6 in Axes
  1902 | D:3      | Reached XP level 5. HP: 30/48 MP: 4/4
  1902 | D:3      | Reached XP level 6. HP: 35/56 MP: 5/5
  2315 | D:3      | Found a shadowy altar of Dithmenos.
  2315 | D:3      | Found a blossoming altar of Fedhas.
  2456 | D:3      | Noticed Grinder
  2460 | D:3      | Paralysed by Grinder for 4 turns
  2471 | D:3      | Killed Grinder
  2471 | D:3      | Reached skill level 7 in Axes
  2471 | D:3      | Reached skill level 1 in Stealth
  2471 | D:3      | Reached XP level 7. HP: 61/61 MP: 6/6
  3252 | D:4      | Reached skill level 5 in Armour
  3705 | D:5      | Entered Level 5 of the Dungeon
  3725 | D:5      | Reached skill level 8 in Axes
  4066 | D:5      | Reached XP level 8. HP: 67/71 MP: 7/7
  4382 | D:5      | Found a glowing silver altar of Zin.
  4382 | D:5      | Found an opulent altar of Gozag.
  4387 | D:5      | Found a faded altar of an unknown god.
  4389 | D:5      | Found a burning altar of Makhleb.
  4391 | D:5      | Found a hide-covered altar of Uskayaw.
  4511 | D:6      | Found a shattered altar of Ashenzari.
  4690 | D:6      | Found a staircase to the Ecumenical Temple.
  4753 | D:6      | Reached *** piety under Trog
  5108 | D:6      | Noticed Eustachio
  5127 | D:6      | Killed Eustachio
  5400 | D:6      | Reached skill level 9 in Axes
  5411 | D:6      | Found a runed door.
  5415 | D:6      | Noticed Crazy Yiuf
  5418 | D:6      | Killed Crazy Yiuf
  5933 | D:7      | Noticed Joseph
  5976 | D:7      | Killed Joseph
  5976 | D:7      | Reached skill level 5 in Dodging
  5976 | D:7      | Reached XP level 9. HP: 10/79 MP: 8/8
  5977 | D:7      | HP: 5/118 [killer bee (5)]
  5981 | D:7      | Slain by a killer bee

Vault maps used:
D:1:      enne_arrival_octagon_isle, serial_corexii_hall,
          chequers_hall_statues_y, corexii_hall_statues_s,
          corexii_hall_statues_t, minmay_misc_feat_cross,
          minmay_misc_feat_four_crosses
D:2:      kennysheep_slug_shrine
D:3:      minitemple, uniq_grinder, uniq_sigmund, uniq_jessica
D:4:      kennysheep_small_spiral
D:5:      chequers_temple_overflow_minitemple, first_ration
D:6:      minmay_temple_entry_offerings, basic_altar, uniq_crazy_yiuf_cottage,
          uniq_eustachio
D:7:      kennysheep_windowed_goal, uniq_joseph

Skill      XL: |  1  2  3  4  5  6  7  8 |
---------------+-------------------------+-----
Fighting       | 4 5 6 7 |  7.4
Axes           | 4 6 7 8 9 |  9.9
Armour         | 3 4 5 6 |  6.8
Dodging        | 3 5 |  5.1
Stealth        | 1 |  1.6

Action                   |  1- 3 |  4- 6 |  7- 9 || total
-------------------------+-------+-------+-------++-------
Melee: Hand axe          |    46 |    44 |   150 ||   240
       Headbutt          |     8 |     8 |    54 ||    70
       War axe           |       |       |    64 ||    64
Invok: Berserk           |     1 |     2 |     5 ||     8
  Eat: Chunk             |     3 |     3 |    16 ||    22
Armor: Animal skin       |     8 |       |       ||     8
       Ring mail         |     6 |    12 |    56 ||    74
Dodge: Dodged            |    48 |    23 |   144 ||   215

Table legend:
 A = Non-vault XP
 B = Vault XP
 C = Vault XP percentage of total XP
 D = Non-vault monster count
 E = Vault monster count
 F = Vault count percentage of total count
                 A         B        C        D         E       F
            +---------+---------+-------+---------+---------+-------
      Total |    1647 |    1295 |  44.0 |      95 |       7 |   6.9
            +---------+---------+-------+---------+---------+-------
        D:1 |      36 |       0 |   0.0 |      15 |       0 |   0.0
        D:2 |      39 |       4 |   9.3 |      10 |       1 |   9.1
        D:3 |     105 |     579 |  84.6 |      14 |       3 |  17.6
        D:4 |     396 |       0 |   0.0 |      24 |       0 |   0.0
        D:5 |     274 |       0 |   0.0 |       8 |       0 |   0.0
        D:6 |     632 |     252 |  28.5 |      17 |       2 |  10.5
        D:7 |     165 |     460 |  73.6 |       7 |       1 |  12.5
            +---------+---------+-------+---------+---------+-------
